cohdb
Replays
Latest Replays
All Replays
Popular Replays
Top Player Replays
Match Explorer
How It Works
Community
CoH3 Stats
Reddit
Sign in to upload your games and track your stats! →
Sign in with Steam
Match 43084386
Unlisted
Match 43084386
Overview
Messages
Build Orders
End
Construct Barracks
Selects Armored Battlegroup
Engineer Squad
1⁄4-ton 4x4 Truck
Selects Veteran Crews
Riflemen Squad
Construct Weapon Support Center
Bazooka Squad
Grenade Package
Sniper
Mechanized Support Center
Selects Strength in Steel
M3 Armored Personnel Carrier
M1919 Machine Gun Team
上班烦死了
皇家炮兵桐藤渚
Fox Trap
DOL
憨八龟
Karline🥰❤️🖤💔
vincent
TY
0
0
Comments
sign in to comment!
No comments posted yet!